 Dungeon Crawl Stone Soup version 0.27.1-2-g3b301248ec (webtiles) character file.

Game seed: 10597778899544792491

1919 Jahmms the Chopper (level 9, 0/79 HPs)
             Began as a Hill Orc Fighter on Oct 5, 2021.
             Slain by a tentacled starspawn (27 damage)
             ... on level 1 of the Abyss.
             The game lasted 01:34:26 (6935 turns).

Jahmms the Chopper (Hill Orc Fighter)               Turns: 6935, Time: 01:34:31

Health: 0/79       AC: 11    Str: 22    XL:     9   Next: 16%
Magic:  18/18      EV:  5    Int:  8    God:
Gold:   257        SH: 16    Dex: 10    Spells: 8/8 levels left

rFire    x . .     SeeInvis .   a - +0 war axe
rCold    + . .     Faith    .   c - +0 kite shield
rNeg     . . .     Spirit   .   b - +2 scale mail
rPois    .         Reflect  +   g - +0 helmet
rElec    .         Harm     .   (no cloak)
rCorr    .         Rampage  .   (no gloves)
Will     .....                  (no boots)
Stlth    ..........             D - amulet of reflection
HPRegen  0.23/turn              f - ring of ice
MPRegen  0.16/turn              j - ring of magical power

@: constricted
A: no striking features
a: no special abilities


You were on level 1 of the Abyss.
You visited 2 branches of the dungeon, and saw 7 of its levels.
You visited the Abyss 1 time.

You collected 257 gold pieces.

Inventory:

Hand Weapons
 a - a +0 war axe (weapon)
 m - a +0 hand crossbow
 n - a +0 mace
 o - a +0 falchion
 q - a +3 dagger
 r - a +2 flail of protection
 y - a +0 halberd
 C - a +0 scythe
 E - a +3 falchion
 K - a +5 spear
 L - a +0 flail
 N - a +0 war axe
Missiles
 l - 39 bolts
 v - 104 arrows
 z - 24 poisoned darts
 G - 4 throwing nets
 J - 5 silver javelins
Armour
 b - a +2 scale mail (worn)
 c - a +0 kite shield (worn)
 g - a +0 helmet (worn)
 u - a +1 robe of resistance
 w - a +0 ring mail
Jewellery
 f - a ring of ice (left hand)
 j - a ring of magical power (right hand)
 p - a ring of ice
 A - a ring of protection from cold
 D - an amulet of reflection (around neck)
Wands
 e - a wand of polymorph (5) (quivered)
 t - a wand of charming (7)
 H - a wand of acid (9)
Scrolls
 d - a scroll of identify
 h - a scroll of magic mapping {unknown}
 B - a scroll of fog
 I - 2 scrolls of teleportation
Potions
 i - a potion of invisibility
 k - 2 potions of attraction
 s - a potion of magic
 x - a potion of mutation
 F - a potion of heal wounds
 M - a potion of brilliance


   Skills:
 * Level 7.3 Fighting
 * Level 7.4(7.5) Axes
 - Level 0.9(3.9) Maces & Flails
 * Level 0.1(3.7) Polearms
 + Level 1.2 Crossbows
 * Level 7.3 Armour
 * Level 1.3 Dodging
 + Level 7.2 Shields


You had 8 spell levels left.
You didn't know any spells.
Your spell library contained the following spells:

 Spells                   Type           Power      Damage    Failure   Level
 Blink                    Tloc           N/A        N/A       99%         2
 Corpse Rot               Necr/Air       N/A        N/A       99%         2
 Poisonous Vapours        Pois/Air       0%         N/A       99%         2
 Ozocubu's Armour         Ice            0%         N/A       100%        3
 Hailstorm                Conj/Ice       0%         3d3       100%        4
 Ice Form                 Ice/Tmut       0%         N/A       100%        4
 Freezing Cloud           Conj/Ice/Air   0%         6-21      100%        5
 Manifold Assault         Tloc           0%         N/A       100%        5
 Simulacrum               Ice/Necr       0%         N/A       100%        6
 Ozocubu's Refrigeration  Ice            0%         4d5       100%        7
 Storm Form               Tmut/Air       0%         N/A       100%        7


Dungeon Overview and Level Annotations

Branches:
Dungeon (6/15)             Temple (1/1) D:4

Altars:
Ashenzari
Dithmenos
Fedhas
Hepliaklqana
Nemelex Xobeh
Okawaru
Qazlal
Ru
Sif Muna
Uskayaw
Vehumet
Wu Jian
Xom
Yredelemnul
Zin
The Shining One


Message History

You hear a shout!
Things that are here:
a +0 spear; a +0 robe
Items here: ) [[[[ †.
You block the orc's attack.
You closely miss the orc. The orc hits you but does no damage.
You hit the orc.
The orc is moderately wounded.
The orc hits you but does no damage.
You are cast into the Abyss!
To return, you must find a gate leading back.
Killing monsters will force the Abyss to allow you passage.
This branch contains the abyssal rune of Zot.
Found 19 arrows.
v - 104 arrows (gained 19)
Found a quarterstaff.
Found a potion of degeneration.
A tentacled starspawn comes into view.
There are no items here.
Tentacles burst from the starspawn's body! 2 starspawn tentacles come into view.
The starspawn tentacle grabs you. The starspawn tentacle constricts you.
You escape the starspawn tentacle's grasp.
The starspawn tentacle closely misses you.
You block the tentacled starspawn's attack.
The tentacled starspawn tentacle-slaps you but does no damage.
The starspawn tentacle grabs you. The starspawn tentacle constricts you.
You hit the starspawn tentacle but do no damage.
Your scale mail prevents you from hitting the tentacled starspawn.
The starspawn tentacle loses its grip on you.
You block the tentacled starspawn's attack. x2
The starspawn tentacle grabs you. The starspawn tentacle constricts you.
You completely miss the starspawn tentacle.
You hit the tentacled starspawn but do no damage.
The starspawn tentacle loses its grip on you.
The tentacled starspawn bites you!!
The tentacled starspawn tentacle-slaps you!
The starspawn tentacle grabs you. The starspawn tentacle constricts you.
The tentacled starspawn bites you!!
You die...

. .# .#.# . ### .#
.. ## #......
#....# .... .
...### # ... ..##..
.# # #.#.#.# #####
#.. # . .#.
...##.#.## #.. ..#
≈ .#..##
#....#####..# # .
... ..##.#...w@x.#.
.. .. .
##.#......X#####.#.
# ### ...##.#./.##
#..≈≈≈<≈#│.##
##≈.≈≈ \#│.#
...#...≈≈V..# # #
.####.#♣♣≈≈... #. #
. #≈..### . # . ##
#≈#..


You could see a tentacled starspawn, a small abomination and a starspawn
tentacle.

Vanquished Creatures
  A centaur zombie (D:5)
  A water moccasin (D:6)
  A black bear (D:6)
  A sky beast (D:6)
  A necrophage (D:3)
  An ogre (D:5)
  A bullfrog (D:4)
  3 scorpions
  5 wights (D:6)
  A howler monkey (D:5)
  A bullfrog zombie (D:6)
  A hound (D:5)
  A jelly (D:4)
  2 orc priests (D:5)
  A gnoll shaman (D:6)
  A centaur skeleton (D:5)
  An iguana (D:4)
  4 orc wizards
  A hound skeleton (D:4)
  Robin (D:2)
  A howler monkey skeleton (D:3)
  6 adders
  9 gnolls
  2 ufetubi (D:5)
  6 worms
  3 dart slugs
  12 orcs
  11 endoplasms
  4 giant cockroaches
  7 goblins (D:2)
  10 hobgoblins
  5 jackals
  3 quokkas
  4 ball pythons
  5 bats
  4 frilled lizards (D:3)
  9 kobolds
  10 rats
  9 bushes (D:3)
150 creatures vanquished.

Vanquished Creatures (others)
  An orc wizard (D:5)
  3 fungi (D:2)
  11 plants
15 creatures vanquished.

Grand Total: 165 creatures vanquished

Notes
Turn   | Place    | Note
-------+----------+-------------------------------------------
     0 | D:1      | Jahmms the Hill Orc Fighter began the quest for the Orb.
     0 | D:1      | Reached XP level 1. HP: 19/19 MP: 1/1
   107 | D:1      | Reached XP level 2. HP: 27/27 MP: 2/2
   566 | D:1      | Reached XP level 3. HP: 33/33 MP: 3/3
   858 | D:2      | Noticed Robin
   874 | D:2      | Killed Robin
   945 | D:2      | Reached XP level 4. HP: 40/40 MP: 4/4
  1083 | D:2      | Noticed Sigmund
  1092 | D:2      | Noticed Sigmund
  1092 | D:2      | Sigmund changed into Sigmund the adder
  1097 | D:2      | Killed Sigmund the adder
  1540 | D:2      | Found a faded altar of an unknown god.
  2114 | D:3      | Noticed a necrophage
  2126 | D:3      | Killed a necrophage
  2127 | D:3      | Reached XP level 5. HP: 40/47 MP: 5/5
  2552 | D:3      | Reached XP level 6. HP: 55/55 MP: 6/6
  2566 | D:3      | Reached skill level 5 in Fighting
  3404 | D:4      | Reached skill level 5 in Axes
  3409 | D:4      | Reached skill level 5 in Armour
  3442 | D:4      | Reached skill level 5 in Shields
  3442 | D:4      | Reached XP level 7. HP: 60/61 MP: 7/7
  3713 | D:4      | Found a staircase to the Ecumenical Temple.
  3740 | Temple   | Entered the Ecumenical Temple
  4060 | D:5      | Entered Level 5 of the Dungeon
  4089 | D:5      | Found a sparkling altar of Nemelex Xobeh.
  5165 | D:5      | Reached XP level 8. HP: 66/71 MP: 8/8
  6229 | D:6      | Reached XP level 9. HP: 79/79 MP: 9/9
  6381 | D:6      | Reached skill level 1 in Crossbows
  6406 | D:6      | Reached skill level 1 in Dodging
  6850 | D:6      | Cast into level 1 of the Abyss (orc)
  6925 | Abyss:1  | Noticed a tentacled starspawn
  6935 | Abyss:1  | Slain by a tentacled starspawn

Illustrated notes

Levels and vault maps discovered:
D:1:      scummos_arrival_forest, layout_basic
D:2:      layout_loops_ring, shapermc_ecumenical_altar_petra,
          grunt_decor_junction, uniq_robin, uniq_sigmund
D:3:      layout_loops_ring, lexackson_kobold_supper
D:4:      layout_loops_cross, minmay_temple_entry_offerings,
          minmay_strange_pillars
D:5:      layout_rooms, mainiacjoe_overflow_surrounded_room
D:6:      layout_basic, mainiacjoe_overflow_big_doors, grunt_ministairs_12,
          hangedman_decor_peaks_small, kennysheep_generic_room_12
Temple:   minmay_freezing_vapour_temple
Abyss:1:  base: Temple, hangedman_abyss_or_decor_passed

Skill      XL: |  1  2  3  4  5  6  7  8  9 |
---------------+----------------------------+-----
Axes           | 3 4 5 6 7 |  7.4
Fighting       | 4 5 6 7 |  7.3
Armour         | 4 5 7 |  7.3
Shields        | 4 5 7 |  7.2
Crossbows      | 1 |  1.2
Dodging        | 1 |  1.3
Maces & Flails | |  0.9
Polearms       | |  0.1

Action                   |  1- 3 |  4- 6 |  7- 9 || total
-------------------------+-------+-------+-------++-------
Melee: War axe           |    85 |   453 |   257 ||   795
       Unarmed           |     9 |       |       ||     9
 Fire: Hand crossbow     |       |       |     4 ||     4
Evoke: Wand              |       |     1 |     4 ||     5
  Use: Scroll            |     1 |     5 |     9 ||    15
       Potion            |     1 |       |     3 ||     4
Armor: Scale mail        |    57 |    56 |   122 ||   235
Dodge: Dodged            |    25 |    50 |    62 ||   137
Block: Kite shield       |    53 |    90 |   190 ||   333
       Reflection        |       |       |     3 ||     3
